 Dungeon Crawl Stone Soup version 0.30.1-11-g7821555f0a (webtiles) character file.

Game seed: 17246781206468146153

464 lonewolfV2 the Trooper (level 6, -2/50 HPs)
             Began as a Demonspawn Fighter on Oct 30, 2023.
             Slain by an ogre
             ... wielding a +0 giant spiked club
              (20 damage)
             ... on level 4 of the Dungeon.
             The game lasted 00:04:56 (3318 turns).

lonewolfV2 the Trooper (Demonspawn Fighter)         Turns: 3318, Time: 00:04:57

Health: -2/50      AC: 10    Str: 16      XL:     6   Next: 80%
Magic:  6/6        EV:  6    Int:  9      God:
Gold:   93         SH:  5    Dex: 13 (15) Spells: 5/5 levels left

rFire   . . .        a - +0 war axe
rCold   . . .        c - +0 buckler
rNeg    . . .        r - +0 chain mail
rPois   .            (helmet restricted)
rElec   .            g - +0 cloak
rCorr   .            (no gloves)
SInv    .            (no boots)
Will    .....        (no amulet) Stlth
                     l - +4 ring of slaying
HPRegen 0.28/turn    (no ring)
MPRegen 0.10/turn

%: no passive effects
@: no status effects
A: horns 2, demonic magic 1, weakness stinger 1
a: no special abilities


You were on level 4 of the Dungeon.
You visited 1 branch of the dungeon, and saw 4 of its levels.

You collected 93 gold pieces.

Inventory:

Hand Weapons
 a - a +0 war axe (weapon)
Armour
 c - a +0 buckler (worn)
 g - a +0 cloak (worn)
 r - a +0 chain mail (worn)
Jewellery
 l - a +4 ring of slaying (left hand)
Wands
 p - a wand of flame (22)
 t - a wand of roots (4)
Scrolls
 e - a scroll of blinking
 k - a scroll of immolation
Potions
 b - a potion of heal wounds {unknown}
 d - 2 potions of might
 f - 2 potions of curing
 h - 2 potions of berserk rage {unknown}
 i - 2 potions of brilliance {unknown}
 j - 2 potions of cancellation {unknown}
 m - 2 potions of haste
 o - 2 potions of degeneration {unknown}
 q - a potion of invisibility {unknown}


   Skills:
 + Level 4.9 Fighting
 + Level 4.4 Axes
 - Level 2.6 Armour
 + Level 4.4 Shields


You had 5 spell levels left.
You didn't know any spells.
Your spell library contained the following spells:

 Spells                   Type           Power      Damage    Failure   Level
 Blink                    Tloc           0%         N/A       100%        2
 Lesser Beckoning         Tloc           0%         N/A       100%        2
 Momentum Strike          Conj/Tloc      0%         3d8       100%        2
 Dazzling Flash           Conj/Hex       0%         N/A       100%        3
 Inner Flame              Hex/Fire       0%         N/A       100%        3
 Iskenderun's Mystic Bla  Conj/Tloc      0%         2d3       100%        4
 Manifold Assault         Tloc           0%         N/A       100%        4


Dungeon Overview and Level Annotations

Branches:
Dungeon (4/15)
 Temple: D:4-7

Altars:
Uskayaw
Xom

Shops:
D:3 (:(:


Innate Abilities, Weirdness & Mutations

You have a pair of horns on your head.
Spells you cast may paralyse adjacent enemies.
You have a small tail.


Message History

HP restored.
You start waiting.
Done waiting.
You start waiting.
Things that are here:
a +0 war axe; a +0 ring mail; an orc corpse
d - 2 potions of might (gained 1)
Things that are here:
a +0 scythe; a +0 robe; the human skeleton of Sigmund
Things that are here:
a +0 war axe; a +0 ring mail; an orc skeleton
t - a wand of roots (4);
j - 2 red potions (gained 1)
Things that are here:
a +0 falchion; a +0 leather armour
Things that are here:
a +0 war axe; a +0 ring mail; an orc skeleton
There is a stone staircase leading down here.
Found a robe.
Found a dagger.
As you read the scroll labelled OTONLY ZEJUSE, it crumbles to dust.
Your body is wracked with pain!
It was a scroll of torment.
As you read the scroll labelled QAIDIY HUTWO, it crumbles to dust.
You assume a fearsome visage.
Nothing appears to happen.
It was a scroll of fear.
You start resting.
A quokka comes into view.
A quokka is nearby!
You see here a +0 robe.
Found a book of Touch.
You completely miss the quokka. You tail-slap the quokka.
You kill the quokka!
An ogre comes into view. It is wielding a +0 giant spiked club.
Found 4 gold pieces.
The ogre shouts!
The ogre hits you with a +0 giant spiked club!
You barely miss the ogre.
The ogre hits you with a +0 giant spiked club!!
You barely miss the ogre.
The ogre hits you with a +0 giant spiked club!!
You die...

#.#.......#. ..
#.######.##.
#.# #.# #.##.
#..### #.#
#.##. #:..$#
#.# #....
#....# #.#
##### .#.#....#
#.#
.......O#####.#
.......@..[...#
.....).########
##..... ######


You could see an ogre.

Vanquished Creatures
  Sigmund (D:4)
  Eustachio (D:4)
  A jelly (D:4)
  Ijyb (D:4)
  An orc wizard (D:4)
  2 adders (D:3)
  3 dart slugs
  4 orcs
  7 bats
  7 endoplasms
  4 giant cockroaches
  3 goblins
  4 hobgoblins
  6 quokkas
  7 ball pythons
  2 frilled lizards
  4 kobolds
  4 rats
62 creatures vanquished.

Notes
Turn   | Place    | Note
-------+----------+-------------------------------------------
     0 | D:1      | lonewolfV2 the Demonspawn Fighter began the quest for the
                  | Orb.
     0 | D:1      | Reached XP level 1. HP: 18/18 MP: 1/1
   465 | D:1      | Discovered your monstrous ancestry.
   465 | D:1      | Gained mutation: You have a pair of small horns on your
                  | head. [demonic ancestry]
   465 | D:1      | Reached XP level 2. HP: 16/24 MP: 2/2
   711 | D:2      | Got the Enchiridion on Cursed Nonlocality
  1037 | D:2      | Found a shimmering altar of Xom.
  1186 | D:2      | Reached XP level 3. HP: 29/29 MP: 3/3
  1471 | D:3      | Found Gorphil's Antique Weapon Boutique.
  1573 | D:3      | Found Joquakat's Antique Weapon Shop.
  1645 | D:3      | Found a hide-covered altar of Uskayaw.
  1688 | D:3      | Found Hisk's Book Boutique.
  1843 | D:3      | Found Rebbeelenu's Book Emporium.
  1942 | D:3      | Gained mutation: You have a pair of horns on your head.
                  | [demonic ancestry]
  1942 | D:3      | Reached XP level 4. HP: 35/35 MP: 4/4
  2415 | D:4      | Noticed Ijyb
  2422 | D:4      | Killed Ijyb
  2722 | D:4      | Gained mutation: You have a small tail. [demonic ancestry]
  2722 | D:4      | Reached XP level 5. HP: 42/42 MP: 5/5
  2920 | D:4      | Noticed Eustachio
  2920 | D:4      | Noticed Sigmund
  2932 | D:4      | Killed Sigmund
  2933 | D:4      | Gained mutation: Spells you cast may paralyse adjacent
                  | enemies. [demonic ancestry]
  2933 | D:4      | Reached XP level 6. HP: 12/49 MP: 6/6
  3007 | D:4      | Killed Eustachio
  3318 | D:4      | Slain by an ogre

Illustrated notes

Levels and vault maps discovered:
D:1:      minmay_arrival_four_circles, layout_loops_cross
D:2:      layout_basic, basic_altar
D:3:      layout_basic, mainiacjoe_overflow_brackets, lemuel_tele_altar,
          serial_shops, shop, nicolae_lakefront_shop,
          nicolae_shop_tiny_statue_garden, shop
D:4:      layout_basic, marbit_many_paths, minmay_misc_feat_rows,
          uniq_eustachio, uniq_ijyb, uniq_sigmund, uniq_grinder,
          uniq_blork_the_orc

Skill      XL: |  1  2  3  4  5 |
---------------+----------------+-----
Axes           | 2 3 4 |  4.4
Shields        | 3 4 |  4.4
Fighting       | 4 |  4.9
Armour         | |  2.6

Action                     |  1- 3 |  4- 6 || total
---------------------------+-------+-------++-------
  Melee: War axe           |    83 |    73 ||   156
         Headbutt          |     6 |    11 ||    17
         Tailslap          |       |    11 ||    11
    Use: Scroll            |     1 |     6 ||     7
         Potion            |       |     3 ||     3
 Armour: Scale mail        |    52 |       ||    52
         Chain mail        |     2 |    51 ||    53
  Dodge: Dodged            |    40 |    25 ||    65
  Block: Buckler           |    21 |    12 ||    33
